 Dungeon Crawl Stone Soup version 0.25-a0-294-gea9b1ad378 (webtiles) character file.

Game seed: 9318336660341509100, levelgen mode: deterministic

126 MoonlitKnight the Charmwright (level 5, -2/43 HPs)
             Began as a Gnoll Skald on Dec 17, 2019.
             Slain by a river rat (7 damage)
             ... in a sewer.
             The game lasted 00:04:59 (2130 turns).

MoonlitKnight the Charmwright (Gnoll Skald)         Turns: 2130, Time: 00:05:00

Health: -2/43      AC:  3    Str: 14    XL:     5   Next: 10%
Magic:  0/12       EV: 14    Int: 15    God:
Gold:   82         SH:  0    Dex: 15    Spells: 3/14 levels left

rFire    . . .     SeeInvis .   a - +0 spear
rCold    . . .     Gourm    .   (no shield)
rNeg     . . .     Faith    .   b - +0 leather armour
rPois    .         Spirit   .   (no helmet)
rElec    .         Reflect  .   (no cloak)
rCorr    .         Harm     .   (no gloves)
MR       .....                  (no boots)
Stlth    ++........             (no amulet)
HPRegen  1.14/turn              (no ring)
MPRegen  0.13/turn              (no ring)

@: very slightly contaminated, regenerating
A: distributed training, fangs 1, strong nose
a: no special abilities


You were in a sewer.
You were hungry.

You visited 1 branch of the dungeon, and saw 3 of its levels.
You also visited: Sewer.

You collected 82 gold pieces.

Inventory:

Hand Weapons
 a - a +0 spear (weapon)
 h - a +0 hunting sling
Armour
 b - a +0 leather armour (worn)
Scrolls
 c - a scroll of amnesia {unknown}
 e - 2 scrolls of fear {unknown}
 g - 4 scrolls of remove curse {unknown}
 i - a scroll of enchant armour {unknown}
 k - 2 scrolls of identify {unknown}
 l - 2 scrolls of blinking {unknown}
 o - a scroll of immolation {unknown}
 q - a scroll of fog {unknown}
 r - a scroll of teleportation {unknown}
 s - a scroll of magic mapping {unknown}
Potions
 f - a potion of lignification {unknown}
 j - a potion of curing
 m - 2 potions of flight {unknown}
 p - a potion of cancellation {unknown}
Comestibles
 d - 4 rations


   Skills:
 + Level 4.7 Fighting
 + Level 1.3 Short Blades
 + Level 1.3 Long Blades
 + Level 1.3 Axes
 + Level 1.3 Maces & Flails
 + Level 4.7 Polearms
 + Level 1.3 Staves
 + Level 1.3 Slings
 + Level 1.3 Bows
 + Level 1.3 Crossbows
 + Level 1.3 Throwing
 + Level 2.8 Armour
 + Level 4.7 Dodging
 + Level 1.3 Stealth
 + Level 1.3 Shields
 + Level 1.3 Unarmed Combat
 + Level 5.1 Spellcasting
 + Level 1.0 Conjurations
 + Level 1.0 Hexes
 + Level 5.5 Charms
 + Level 1.0 Summonings
 + Level 1.0 Necromancy
 + Level 1.0 Translocations
 + Level 1.0 Transmutations
 + Level 1.0 Fire Magic
 + Level 1.0 Ice Magic
 + Level 1.0 Air Magic
 + Level 1.0 Earth Magic
 + Level 1.0 Poison Magic
 + Level 1.4 Invocations
 + Level 1.3 Evocations


You had 3 spell levels left.
You knew the following spells:

 Your Spells              Type           Power        Failure   Level  Hunger
a - Infusion              Chrm           ###.         1%          1    None
b - Shroud of Golubria    Chrm/Tloc      ##....       8%          2    ##.....
c - Spectral Weapon       Hex/Chrm       ##......     16%         3    ###....
d - Regeneration          Chrm/Necr      ##........   16%         3    ###....
e - Song of Slaying       Chrm           ###.....     3%          2    ##.....

Your spell library contained the following spells:

 Spells                   Type           Power        Failure   Level  Hunger


Dungeon Overview and Level Annotations

Branches:
Dungeon (3/15)              Sewer (1/1)

Altars:
Ashenzari


Innate Abilities, Weirdness & Mutations

Your experience applies equally to all skills.
You have very sharp teeth.
Your uncanny sense of smell can sniff out nearby items.


Message History

The river rat is lightly wounded.
The river rat bites you.
* * * LOW HITPOINT WARNING * * *
The river rat closely misses you.
You hit the river rat. Your bite misses the river rat.
The river rat is moderately wounded.
The river rat barely misses you. The river rat bites you.
* * * LOW HITPOINT WARNING * * *
It was a potion of curing.
You feel better. The river rat bites you!
* * * LOW HITPOINT WARNING * * *
The river rat misses you.
Casting: Spectral Weapon (safe; 16% risk of failure)
Confirm with . or Enter, or press ? or * to list all spells.
Your skin crawls.
The river rat barely misses you. The river rat bites you.
* * * LOW HITPOINT WARNING * * *
You hit the river rat but do no damage.
You bite the river rat, but do no damage.
The river rat is moderately wounded.
The river rat closely misses you. The river rat bites you!
You die...

##....≈≈≈≈≈≈≈≈≈≈≈≈≈≈≈
##....≈≈≈≈≈≈≈≈≈≈≈≈≈≈≈≈
#.....≈≈≈≈≈≈≈≈≈#≈≈≈≈≈≈
#.....÷≈≈≈≈≈≈≈≈≈≈≈≈≈≈≈
#.....#≈≈≈≈≈≈≈≈.≈≈≈≈≈≈
#....#################
##...## #...#####
#..rrr@.# #...r#r.#
##...####
#..r.#################
#.....#≈≈≈≈≈≈≈≈≈#≈≈≈≈≈
#......≈≈≈≈≈≈≈≈..≈≈≈≈≈
#.....≈≈≈≈≈≈≈≈≈..≈≈≈≈≈
##....≈≈≈≈≈≈≈≈≈[≈≈≈r≈≈
##....≈≈≈≈≈≈≈..≈≈≈≈≈≈


You could see 5 river rats.

Vanquished Creatures
  2 river rats (Sewer)
  3 adders
  2 oozes
  4 worms (D:2)
  A dart slug (D:1)
  A leopard gecko (D:1)
  A bat (D:1)
  4 giant cockroaches (D:3)
  7 goblins
  5 hobgoblins
  2 jackals (D:2)
  5 kobolds
  4 ball pythons (Sewer)
  4 frilled lizards
  17 rats
62 creatures vanquished.

Notes
Turn   | Place    | Note
-------+----------+-------------------------------------------
     0 | D:1      | MoonlitKnight the Gnoll Skald began the quest for the Orb.
     0 | D:1      | Reached XP level 1. HP: 20/20 MP: 6/6
   106 | D:1      | Reached XP level 2. HP: 25/26 MP: 7/7
   619 | D:2      | Learned a level 2 spell: Shroud of Golubria
   636 | D:2      | Reached XP level 3. HP: 31/31 MP: 9/9
   649 | D:2      | Reached skill level 5 in Spellcasting
   771 | D:2      | Found a shattered altar of Ashenzari.
   972 | D:2      | Reached skill level 1 in Invocations
  1225 | D:3      | Learned a level 3 spell: Spectral Weapon
  1229 | D:3      | Learned a level 3 spell: Regeneration
  1232 | D:3      | Learned a level 2 spell: Song of Slaying
  1249 | D:3      | Reached skill level 1 in Short Blades
  1249 | D:3      | Reached skill level 1 in Long Blades
  1249 | D:3      | Reached skill level 1 in Axes
  1249 | D:3      | Reached skill level 1 in Maces & Flails
  1249 | D:3      | Reached skill level 1 in Staves
  1249 | D:3      | Reached skill level 1 in Slings
  1249 | D:3      | Reached skill level 1 in Bows
  1249 | D:3      | Reached skill level 1 in Crossbows
  1249 | D:3      | Reached skill level 1 in Throwing
  1249 | D:3      | Reached skill level 1 in Stealth
  1249 | D:3      | Reached skill level 1 in Shields
  1249 | D:3      | Reached skill level 1 in Unarmed Combat
  1249 | D:3      | Reached skill level 1 in Evocations
  1294 | D:3      | Reached XP level 4. HP: 27/38 MP: 7/11
  1388 | D:3      | Found a glowing drain.
  1412 | Sewer    | Entered a sewer
  1601 | Sewer    | Reached skill level 1 in Conjurations
  1601 | Sewer    | Reached skill level 1 in Hexes
  1601 | Sewer    | Reached skill level 1 in Summonings
  1601 | Sewer    | Reached skill level 1 in Necromancy
  1601 | Sewer    | Reached skill level 1 in Translocations
  1601 | Sewer    | Reached skill level 1 in Transmutations
  1601 | Sewer    | Reached skill level 1 in Fire Magic
  1601 | Sewer    | Reached skill level 1 in Ice Magic
  1601 | Sewer    | Reached skill level 1 in Air Magic
  1601 | Sewer    | Reached skill level 1 in Earth Magic
  1601 | Sewer    | Reached skill level 1 in Poison Magic
  1839 | Sewer    | Reached XP level 5. HP: 20/43 MP: 4/12
  2127 | Sewer    | HP: 2/43 [river rat (4)]
  2130 | Sewer    | Slain by a river rat

Levels and vault maps discovered:
D:1:      scummos_arrival_checkerplants, layout_basic, st_stairs_3
D:2:      layout_basic, nicolae_overflow_crystal_walls
D:3:      layout_rooms, okawaru_ov_weapons_minmay, old_standard_altar,
          gup_sewer_entry_bubbles, serial_bayou_ford_a
Sewer:    sewer_minmay_w

Skill      XL: |  1  2  3  4 |
---------------+-------------+-----
Spellcasting   | 5 |  5.1
Invocations    | 1 |  1.4
Short Blades   | 1 |  1.3
Long Blades    | 1 |  1.3
Axes           | 1 |  1.3
Maces & Flails | 1 |  1.3
Staves         | 1 |  1.3
Slings         | 1 |  1.3
Bows           | 1 |  1.3
Crossbows      | 1 |  1.3
Throwing       | 1 |  1.3
Stealth        | 1 |  1.3
Shields        | 1 |  1.3
Unarmed Combat | 1 |  1.3
Evocations     | 1 |  1.3
Conjurations   | 1 |  1.0
Hexes          | 1 |  1.0
Summonings     | 1 |  1.0
Necromancy     | 1 |  1.0
Translocations | 1 |  1.0
Transmutations | 1 |  1.0
Fire Magic     | 1 |  1.0
Ice Magic      | 1 |  1.0
Air Magic      | 1 |  1.0
Earth Magic    | 1 |  1.0
Poison Magic   | 1 |  1.0
Fighting       | |  4.7
Polearms       | |  4.7
Armour         | |  2.8
Dodging        | |  4.7
Charms         | |  5.5

Action                   |  1- 3 |  4- 6 || total
-------------------------+-------+-------++-------
Melee: Spear             |   136 |   126 ||   262
       Bite              |    15 |     9 ||    24
 Cast: Infusion          |     1 |       ||     1
       Shroud of Golubri |       |     4 ||     4
       Spectral Weapon   |       |     3 ||     3
       Regeneration      |       |     2 ||     2
  Use: Potion            |       |     1 ||     1
 Stab: Sleeping          |     3 |       ||     3
       Distracted        |       |     1 ||     1
  Eat: Chunk             |     1 |     3 ||     4
Armor: Leather armour    |    18 |    28 ||    46
Dodge: Dodged            |    43 |   128 ||   171

Table legend:
 A = Non-vault XP
 B = Vault XP
 C = Vault XP percentage of total XP
 D = Non-vault monster count
 E = Vault monster count
 F = Vault count percentage of total count
                 A         B        C        D         E       F
            +---------+---------+-------+---------+---------+-------
      Total |      88 |      93 |  51.4 |      33 |      29 |  46.8
            +---------+---------+-------+---------+---------+-------
        D:1 |      26 |       4 |  13.3 |      13 |       2 |  13.3
        D:2 |      40 |       0 |   0.0 |      16 |       0 |   0.0
        D:3 |      22 |      22 |  50.0 |       4 |       6 |  60.0
      Sewer |       0 |      67 | 100.0 |       0 |      21 | 100.0
            +---------+---------+-------+---------+---------+-------
